 Dungeon Crawl Stone Soup version 0.25-a0-547-g27a0b5d (webtiles) character file.

Game seed: 6014889059052603273, levelgen mode: deterministic

72 wolfsongas the Covered (level 4, -3/34 HPs)
             Began as a Gnoll Wanderer on Feb 22, 2020.
             Slain by Sigmund
             ... wielding a +0 scythe
              (7 damage)
             ... on level 2 of the Dungeon.
             The game lasted 00:03:42 (1866 turns).

wolfsongas the Covered (Gnoll Wanderer)             Turns: 1866, Time: 00:03:43

Health: -3/34      AC:  3    Str: 12    XL:     4   Next: 26%
Magic:  8/8        EV: 13    Int: 18    God:
Gold:   82         SH:  0    Dex: 14    Spells: 7/8 levels left

rFire    . . .     SeeInvis .   g - +2 spear (pain)
rCold    . . .     Gourm    .   (no shield)
rNeg     . . .     Faith    .   d - +1 robe
rPois    .         Spirit   .   (no helmet)
rElec    .         Reflect  .   (no cloak)
rCorr    .         Harm     .   (no gloves)
MR       .....                  (no boots)
Stlth    +.........             (no amulet)
HPRegen  0.11/turn              h - +1 ring of evasion
MPRegen  0.11/turn              (no ring)

@: confused
A: distributed training, fangs 1, strong nose
a: no special abilities


You were on level 2 of the Dungeon.
You were not hungry.

You visited 1 branch of the dungeon, and saw 2 of its levels.

You collected 82 gold pieces.

Inventory:

Hand Weapons
 a - a +0 dagger
 g - a +2 spear of pain (weapon)
 i - a +4 short sword
Armour
 d - a +1 robe (worn)
Jewellery
 h - a +1 ring of evasion (left hand)
Wands
 k - a wand of polymorph (10)
Potions
 e - a potion of flight
Comestibles
 c - 8 chunks of flesh
 f - 5 rations


   Skills:
 + Level 2.7 Fighting
 + Level 1.0 Short Blades
 + Level 1.0 Long Blades
 + Level 1.0 Axes
 + Level 1.0 Maces & Flails
 + Level 1.0 Polearms
 + Level 1.0 Staves
 + Level 1.0 Slings
 + Level 1.0 Bows
 + Level 1.0 Crossbows
 + Level 1.0 Throwing
 + Level 4.6 Armour
 + Level 1.0 Dodging
 + Level 1.0 Stealth
 + Level 2.7 Shields
 + Level 1.0 Unarmed Combat
 + Level 2.9 Spellcasting
 + Level 0.8 Conjurations
 + Level 0.8 Hexes
 + Level 0.8 Charms
 + Level 3.8 Summonings
 + Level 0.8 Necromancy
 + Level 0.8 Translocations
 + Level 0.8 Transmutations
 + Level 0.8 Fire Magic
 + Level 0.8 Ice Magic
 + Level 0.8 Air Magic
 + Level 0.8 Earth Magic
 + Level 3.8 Poison Magic
 + Level 1.1 Invocations
 + Level 2.7 Evocations


You had 7 spell levels left.
You knew the following spells:

 Your Spells              Type           Power        Failure   Level  Hunger
a - Sting                 Tmut/Pois      ##..         6%          1    None

Your spell library contained the following spells:

 Spells                   Type           Power        Failure   Level  Hunger
 Summon Small Mammal      Summ           ###.         3%          1    None
 Poisonous Vapours        Pois/Air       ##....       10%         2    ##.....
 Call Canine Familiar     Summ           ###.....     11%         3    ###....
 Blink                    Tloc           N/A          19%         2    ##.....
 Shroud of Golubria       Chrm/Tloc      #.....       19%         2    ##.....
 Ignite Poison            Fire/Tmut/Pois #.......     24%         3    ###....
 Mephitic Cloud           Conj/Pois/Air  #.......     24%         3    ###....
 Olgreb's Toxic Radiance  Pois           ###.....     34%         4    ####...


Dungeon Overview and Level Annotations

Branches:
Dungeon (2/15)

Altars:

Annotations:
D:2 Sigmund


Innate Abilities, Weirdness & Mutations

Your experience applies equally to all skills.
You have very sharp teeth.
Your uncanny sense of smell can sniff out nearby items.


Message History

Sigmund flickers and vanishes!
Deactivating autopickup; reactivate with Ctrl-A.
There's a creature in the doorway!
You puncture the ball python!
You kill the ball python!
You completely miss the kobold. The kobold hits you but does no damage.
Something hits you!
* * * LOW HITPOINT WARNING * * *
You closely miss the kobold. The kobold misses you.
You hit the kobold.
The kobold writhes in agony.
Your bite misses the kobold.
The kobold is severely wounded.
Something hits you.
* * * LOW HITPOINT WARNING * * *
The kobold closely misses you.
You hit the kobold.
You kill the kobold!
You hear some strange, mumbled words.
You are confused.
Something hits you!
You die...

.....#....#.##......#.......###..
.....#....#..+......#.......##...
...........###.....#.............
...........# #.....#.............
...........###.....#.............
...................###+###.......
..#.................# #.......
..#...............#.## #.......
..#...##########@##..# #####...
..#...# .......{..%.#.# #.....†.
..#...# ..............##........
..#...# ..............##.......#
..#...# .................#......
.... .............>...#.#####
.... ..?................ ....
..................
.................


There were no monsters in sight!

Vanquished Creatures
  An adder (D:2)
  A worm (D:2)
  2 dart slugs (D:1)
  2 leopard geckos (D:1)
  A ball python (D:2)
  8 bats
  A giant cockroach (D:1)
  8 goblins
  A hobgoblin (D:2)
  10 jackals
  5 kobolds
  8 frilled lizards (D:2)
  4 rats
52 creatures vanquished.

Vanquished Creatures (others)
  4 toadstools (D:1)
4 creatures vanquished.

Grand Total: 56 creatures vanquished

Notes
Turn   | Place    | Note
-------+----------+-------------------------------------------
     0 | D:1      | wolfsongas the Gnoll Wanderer began the quest for the Orb.
     0 | D:1      | wolfsongas set off with the following items: a +0 dagger, a
                  | +0 robe, a ration; and the following spells available to
                  | memorise: Summon Small Mammal, Sting, Call Canine Familiar,
                  | Poisonous Vapours, Blink, Shroud of Golubria, Ignite
                  | Poison, Mephitic Cloud, Olgreb's Toxic Radiance
     0 | D:1      | Reached XP level 1. HP: 17/17 MP: 4/4
     2 | D:1      | Learned a level 1 spell: Sting
   126 | D:1      | Reached XP level 2. HP: 23/23 MP: 2/5
   689 | D:1      | Reached XP level 3. HP: 21/28 MP: 7/7
  1239 | D:2      | Reached skill level 1 in Invocations
  1477 | D:2      | Reached skill level 1 in Short Blades
  1477 | D:2      | Reached skill level 1 in Long Blades
  1477 | D:2      | Reached skill level 1 in Axes
  1477 | D:2      | Reached skill level 1 in Maces & Flails
  1477 | D:2      | Reached skill level 1 in Polearms
  1477 | D:2      | Reached skill level 1 in Staves
  1477 | D:2      | Reached skill level 1 in Slings
  1477 | D:2      | Reached skill level 1 in Bows
  1477 | D:2      | Reached skill level 1 in Crossbows
  1477 | D:2      | Reached skill level 1 in Throwing
  1477 | D:2      | Reached skill level 1 in Dodging
  1477 | D:2      | Reached skill level 1 in Stealth
  1477 | D:2      | Reached skill level 1 in Unarmed Combat
  1500 | D:2      | Reached XP level 4. HP: 23/34 MP: 8/8
  1846 | D:2      | Noticed Sigmund
  1866 | D:2      | Slain by Sigmund

Levels and vault maps discovered:
D:1:      ldierk_water_garden, layout_loops_ring
D:2:      layout_basic, bloody_trog, minmay_lizard_pond, uniq_sigmund

Skill      XL: |  1  2  3 |
---------------+----------+-----
Invocations    | 1 |  1.1
Short Blades   | 1 |  1.0
Long Blades    | 1 |  1.0
Axes           | 1 |  1.0
Maces & Flails | 1 |  1.0
Polearms       | 1 |  1.0
Staves         | 1 |  1.0
Slings         | 1 |  1.0
Bows           | 1 |  1.0
Crossbows      | 1 |  1.0
Throwing       | 1 |  1.0
Dodging        | 1 |  1.0
Stealth        | 1 |  1.0
Unarmed Combat | 1 |  1.0
Fighting       | |  2.7
Armour         | |  4.6
Shields        | |  2.7
Spellcasting   | |  2.9
Conjurations   | |  0.8
Hexes          | |  0.8
Charms         | |  0.8
Summonings     | |  3.8
Necromancy     | |  0.8
Translocations | |  0.8
Transmutations | |  0.8
Fire Magic     | |  0.8
Ice Magic      | |  0.8
Air Magic      | |  0.8
Earth Magic    | |  0.8
Poison Magic   | |  3.8
Evocations     | |  2.7

Action                   |  1- 3 |  4- 6 || total
-------------------------+-------+-------++-------
Melee: Dagger            |    39 |       ||    39
       Bite              |     9 |     1 ||    10
       Spear             |    66 |    53 ||   119
 Cast: Sting             |    19 |     1 ||    20
  Use: Scroll            |     4 |       ||     4
       Potion            |       |     3 ||     3
 Stab: Sleeping          |     1 |       ||     1
  Eat: Chunk             |     2 |     1 ||     3
Armor: Robe              |    29 |    16 ||    45
Dodge: Dodged            |   106 |    28 ||   134

Table legend:
 A = Non-vault XP
 B = Vault XP
 C = Vault XP percentage of total XP
 D = Non-vault monster count
 E = Vault monster count
 F = Vault count percentage of total count
                 A         B        C        D         E       F
            +---------+---------+-------+---------+---------+-------
      Total |      97 |       7 |   6.7 |      45 |       7 |  13.5
            +---------+---------+-------+---------+---------+-------
        D:1 |      44 |       0 |   0.0 |      21 |       0 |   0.0
        D:2 |      53 |       7 |  11.7 |      24 |       7 |  22.6
            +---------+---------+-------+---------+---------+-------
